 Dungeon Crawl Stone Soup version 0.29.1-1-gd02db6906a (webtiles) character file.

Game seed: 17645173266691519885

8 nshep25 the Trooper (level 2, 0/24 HPs)
             Began as a Demonspawn Fighter on Oct 4, 2022.
             Slain by a gnoll
             ... wielding a +0 whip
              (1 damage)
             ... on level 1 of the Dungeon.
             The game lasted 00:00:48 (459 turns).

nshep25 the Trooper (Demonspawn Fighter)             Turns: 459, Time: 00:00:48

Health: 0/24       AC:  6    Str: 16    XL:     2   Next: 0%
Magic:  2/2        EV:  8    Int:  9    God:
Gold:   0          SH:  4    Dex: 12    Spells: 1/1 levels left

rFire   . . .      SeeInvis .   a - +0 long sword
rCold   . . .      Faith    .   c - +0 buckler
rNeg    . . .      Spirit   .   b - +0 scale mail
rPois   .          Reflect  .   (no helmet)
rElec   .          Harm     .   (no cloak)
rCorr   .          Rampage  .   (no gloves)
Will    .....                   (no boots)
Stlth   ..........              (no amulet)
HPRegen 0.08/turn               (no ring)
MPRegen 0.08/turn               (no ring)

@: no status effects
A: weakness stinger 1
a: no special abilities


You were on level 1 of the Dungeon.
You visited 1 branch of the dungeon, and saw 1 of its levels.

Inventory:

Hand Weapons
 a - a +0 long sword (weapon)
Missiles
 e - 6 boomerangs (quivered)
Armour
 b - a +0 scale mail (worn)
 c - a +0 buckler (worn)
Potions
 d - 2 potions of might


   Skills:
 + Level 3.2 Fighting
 + Level 1.8 Long Blades
 + Level 2.8 Armour
 + Level 2.8 Shields


You had one spell level left.
You didn't know any spells.
Your spell library was empty.

Dungeon Overview and Level Annotations

Branches:
Dungeon (1/15)

Altars:


Innate Abilities, Weirdness & Mutations

You have a small tail.


Message History

The rat bites you. The bat hits you but does no damage.
You closely miss the gnoll. The bat hits you.
The gnoll hits you but does no damage. The rat bites you but does no damage.
The rat attacks as you move away! The rat bites you but does no damage.
The bat hits you but does no damage. The rat attacks as you move away!
The rat bites you but does no damage. The bat hits you but does no damage.
The rat attacks as you move away! The rat bites you but does no damage.
The bat barely misses you. The bat hits you. You block the bat's attack.
The bat attacks as you move away! You block the bat's attack.
The bat hits you but does no damage.
You hit the bat.
You kill the bat!
The rat closely misses you.
You have reached level 2!
Your demonic ancestry asserts itself...
You grow a small tail.
You hit the gnoll but do no damage.
Your tail-slap misses the gnoll.
The gnoll barely misses you. The rat bites you but does no damage.
You closely miss the gnoll. The rat bites you but does no damage.
The gnoll hits you with a +0 whip.
* * * LOW HITPOINT WARNING * * *
You completely miss the gnoll.
A bat comes into view.
The rat bites you but does no damage. The gnoll hits you with a +0 whip.
* * * LOW HITPOINT WARNING * * *
The gnoll hits you with a +0 whip.
* * * LOW HITPOINT WARNING * * *
The bat moves out of view.
You hit the gnoll.
The gnoll is moderately wounded.
The rat bites you but does no damage. The gnoll hits you but does no damage.
You hit the gnoll.
The gnoll is heavily wounded.
You block the rat's attack. x2; The gnoll barely misses you.
You hit the gnoll.
The gnoll is severely wounded.
You block the rat's attack. The gnoll hits you with a +0 whip.
You die...

§≈§≈.≈≈ #........># ..)...§
#.........# ######
########.........# .####
#......#.........# ....###
#......#.........#
###...####......#.........+
###...........+.........#
#####......g#r######+#..
#.......@r# ## #.####....#
#.# #....# #.# #....# #..
+...... ### #....### #.....
#...### #####


You could see a gnoll and 2 rats.

Vanquished Creatures
  A dart slug (D:1)
  A ball python (D:1)
  A bat (D:1)
  A quokka (D:1)
  2 frilled lizards (D:1)
6 creatures vanquished.

Notes
Turn   | Place    | Note
-------+----------+-------------------------------------------
     0 | D:1      | nshep25 the Demonspawn Fighter began the quest for the Orb.
     0 | D:1      | Reached XP level 1. HP: 18/18 MP: 1/1
   454 | D:1      | Gained mutation: You have a small tail. [demonic ancestry]
   454 | D:1      | Reached XP level 2. HP: 9/24 MP: 2/2
   456 | D:1      | HP: 1/24 [gnoll/+0 whip (2)]
   459 | D:1      | Slain by a gnoll

Illustrated notes

Levels and vault maps discovered:
D:1:      onia_arrival_pyramid, layout_basic

Action                   || total
-------------------------++-------
Melee: Long sword        ||    31
Armor: Scale mail        ||    22
Dodge: Dodged            ||    17
Block: Buckler           ||    11
